 Dungeon Crawl Stone Soup version 0.31-a0-496-g6f97920a28 (webtiles) character file.

Game seed: 10061013603465859334

287 LeprechaunX the Changeling (level 6, -2/41 HPs)
             Began as an Octopode Shapeshifter on Aug 8, 2023.
             Slain by a jelly (3 damage)
             ... on level 4 of the Dungeon.
             The game lasted 00:02:27 (2163 turns).

LeprechaunX the Changeling (Octopode Shapeshifter)  Turns: 2163, Time: 00:02:28

Health: -2/41      AC: -7    Str: 16    XL:     6   Next: 30%
Magic:  6/6        EV: 14    Int: 10    God:
Gold:   166        SH:  0    Dex: 13    Spells: 5/5 levels left

rFire   . .          .
                       - Unarmed
rCold   . . .        (no shield)
rNeg    . . .        (helmet currently unavailable)
rPois   .            (no amulet)
rElec   .            (no ring)
rCorr   .            (no ring)
SInv    .            (no ring)
Will    .....        (no ring)
Stlth   ++           (no ring)
HPRegen 0.26/turn    (no ring)
MPRegen 0.10/turn    (no ring)
                     (no ring)

%: no passive effects
@: beast-form, corroded
A: beast (slay +2), almost no armour, amphibious, 8 rings, camouflage 1,
gelatinous body 1, (nimble swimmer 1), tentacles
a: Begin Untransformation


You were on level 4 of the Dungeon.
You were a hulking beast.
You visited 1 branch of the dungeon, and saw 4 of its levels.

You collected 166 gold pieces.

Inventory:

Missiles
 n - 3 javelins (quivered)
Jewellery
 l - an amulet of faith
Talismans
 b - a beast talisman (active)
 c - a flux talisman
Scrolls
 a - a scroll of immolation {unknown}
 f - a scroll of amnesia {unknown}
 g - a scroll of identify {unknown}
 i - a scroll of blinking {unknown}
 k - a scroll of fear {unknown}
 m - 3 scrolls of teleportation {unknown}
Potions
 d - a potion of heal wounds {unknown}
 e - a potion of degeneration {unknown}
 h - a potion of brilliance {unknown}
 j - a potion of cancellation {unknown}


   Skills:
 + Level 2.7 Fighting
 + Level 3.2 Dodging
 + Level 4.0 Unarmed Combat
 * Level 4.4 Shapeshifting


You had 5 spell levels left.
You didn't know any spells.
Your spell library was empty.

Dungeon Overview and Level Annotations

Branches:
Dungeon (4/15)
 Temple: D:4-7

Altars:
Makhleb


Innate Abilities, Weirdness & Mutations

You are a hulking beast.
Your limbs bulge with bestial killing power. (Slay +2)
You cannot wear most types of armour.
You are amphibious.
You can wear up to eight rings at the same time.
Your skin changes colour to match your surroundings (Stealth+).
Your rubbery body absorbs attacks. (AC +1, EV +1)
((You are camouflaged when in or above water. (Stealth+)))
You have tentacles for arms and can constrict up to eight enemies at once.


Message History

A dart slug is nearby!
A dart slug is nearby!
A dart slug comes into view.
Found 4 poisoned darts.
A jelly comes into view.
Found a talisman of death, a scroll labelled PIMA ZINGEL and 9 stones.
You enter the shallow water.
A dart slug comes into view.
The jelly quivers.
The helpless dart slug fails to defend itself.
You bludgeon the dart slug! You grab the dart slug. You squeeze the dart slug.
You kill the dart slug!
Found 14 gold pieces.
Found a stone staircase leading up.
You see here a dart slug corpse.
You enter the shallow water.
Found a long sword.
The jelly hits you.
You are splashed with acid!
You bludgeon the jelly!
Your tentacles burn!
You squeeze the jelly.
The jelly is heavily wounded.
The jelly hits you.
You are splashed with acid!
You are too injured to fight recklessly!
You are too injured to fight recklessly!
You are too injured to fight recklessly!
Unknown command.
You tentacle-slap the jelly. The acid corrodes you!
Your tentacles burn!
The jelly is heavily wounded.
The jelly hits you. The acid corrodes you!
You are splashed with acid.
* * * LOW HITPOINT WARNING * * *
Unknown command.
You see here a dart slug corpse.
You tentacle-slap the jelly but do no damage.
Your tentacles burn!
* * * LOW HITPOINT WARNING * * *
The jelly is heavily wounded.
The jelly closely misses you.
You tentacle-slap the jelly but do no damage.
Your tentacles burn!
* * * LOW HITPOINT WARNING * * *
The jelly is heavily wounded.
The jelly hits you.
You die...

#.# #.# #####
#########.###....
$...........(..#
##....##..#
###...#.?#..#
#.†<.###....##### #
#.#.†.#~~.~~....#.##..
#.##..~~~≈~~~h......#
# #≈~≈~≈≈≈≈≈#J...#.#
#≈≈≈≈~~~~≈≈≈#w..#
.w≈≈≈~≈#~~≈≈≈≈~.##
(≈#~≈≈≈≈~~≈≈≈≈≈≈#
~≈≈~^≈≈≈~~~≈~≈≈#≈
~≈(~~~.%.~.?.~≈~.
.⌠$<..⌠. ≈≈ .. ~)..~≈.
~# ..#


You could see a jelly and a dart slug.

Vanquished Creatures
  Sigmund (D:2)
  An iguana (D:4)
  2 adders
  2 worms (D:2)
  5 dart slugs
  9 orcs
  3 endoplasms (D:1)
  3 giant cockroaches
  14 goblins
  5 hobgoblins
  5 quokkas
  2 ball pythons (D:2)
  3 bats
  2 frilled lizards (D:2)
  6 kobolds
  4 rats
67 creatures vanquished.

Notes
Turn   | Place    | Note
-------+----------+-------------------------------------------
     0 | D:1      | LeprechaunX the Octopode Shapeshifter began the quest for
                  | the Orb.
     0 | D:1      | Reached XP level 1. HP: 13/13 MP: 1/1
   100 | D:1      | Reached XP level 2. HP: 13/18 MP: 2/2
   755 | D:2      | Reached XP level 3. HP: 23/23 MP: 3/3
   765 | D:2      | Identified the +0 dagger "Featurpha" {freeze, Contam rCorr
                  | MP+9 Str+4}
   882 | D:2      | Noticed Sigmund
   890 | D:2      | Killed Sigmund
   891 | D:2      | Reached XP level 4. HP: 9/30 MP: 4/4
   891 | D:2      | Reached XP level 5. HP: 11/35 MP: 5/5
  1137 | D:2      | Identified the +0 robe of Kuckicw {Fly rCorr}
  1579 | D:3      | Reached XP level 6. HP: 33/41 MP: 6/6
  1720 | D:3      | Found a burning altar of Makhleb.
  2163 | D:4      | HP: 1/41 [acid (3)]
  2163 | D:4      | Slain by a jelly

Illustrated notes

Levels and vault maps discovered:
D:1:      mrwooster_arrival_statue_3, layout_loops_ring, minmay_crystal_water
D:2:      layout_loops_ring, uniq_sigmund
D:3:      layout_rooms, old_standard_altar, grunt_decor_one_mirror,
          chequers_serial_rivers_room_a, grunt_decor_resistance, st_stairs_13,
          minmay_goblin_outpost
D:4:      kennysheep_slugbush, layout_loops_ring, minmay_manual_mail,
          uniq_menkaure

Skill      XL: |  1  2  3  4  5  6 |
---------------+-------------------+-----
Fighting       | 2 |  2.7
Dodging        | 3 |  3.2
Shapeshifting  | 4 |  4.4
Unarmed Combat | 4 |  4.0

Action                     |  1- 3 |  4- 6 || total
---------------------------+-------+-------++-------
  Melee: Unarmed           |    43 |    81 ||   124
         Constrict         |    12 |    26 ||    38
         Tentacles         |    12 |    17 ||    29
         Punch             |       |     4 ||     4
    Use: Potion            |     1 |       ||     1
   Stab: Sleeping          |     3 |     3 ||     6
 Armour: Skin              |     3 |    10 ||    13
  Dodge: Dodged            |    20 |    38 ||    58

Table legend: (Time is in decaauts)
 A = Elapsed time spent in this place.
 B = Non-inter-level travel time spent in this place.
 C = Inter-level travel time spent in this place.
 D = Time resting spent in this place.
 E = Time spent auto-exploring this place.
 F = Levels seen in this place.
 G = Mean time per level.
                   A        B        C        D        E       F      G
               +--------+--------+--------+--------+--------+-----+--------+
         Total |   2152 |   2086 |     66 |    116 |   1610 |   4 |  538.0 |
       Dungeon |   2152 |   2086 |     66 |    116 |   1610 |   4 |  538.0 |
               +--------+--------+--------+--------+--------+-----+--------+

Top non-repeatable levels by time:
     D:2: 838 daAuts
     D:1: 687 daAuts
     D:3: 599 daAuts
     D:4: 27 daAuts
